 Dungeon Crawl Stone Soup version 0.28-a0-1387-g3a22ab9 (webtiles) character file.

Game seed: 11502660648253998736

61 Dorkslayer the Skirmisher (level 4, 0/31 HPs)
             Began as an Octopode Fighter on Jan 2, 2022.
             Slain by an ogre (25 damage)
             ... on level 3 of the Dungeon.
             The game lasted 00:04:18 (2163 turns).

Dorkslayer the Skirmisher (Octopode Fighter)        Turns: 2163, Time: 00:04:18

Health: 0/31       AC:  1    Str: 23    XL:     4   Next: 7%
Magic:  4/4        EV: 13    Int: 10    God:
Gold:   90         SH:  4    Dex: 11    Spells: 3/3 levels left

rFire   . . .      SeeInvis .   j - +0 short sword (flame)
rCold   . . .      Faith    .   b - +0 buckler
rNeg    . . .      Spirit   .   (helmet restricted)
rPois   .          Reflect  .   (no amulet)
rElec   .          Harm     .   l - +6 ring of strength
rCorr   .          Rampage  .   (no ring)
Will    .....                   (no ring)
Stlth   +++.......              (no ring)
HPRegen 0.10/turn               (no ring)
MPRegen 0.09/turn               (no ring)
                                (no ring)
                                (no ring)

@: no status effects
A: almost no armour, amphibious, 8 rings, camouflage 1, gelatinous body 1,
(nimble swimmer 1), tentacles
a: no special abilities


You were on level 3 of the Dungeon.
You visited 1 branch of the dungeon, and saw 3 of its levels.

You collected 90 gold pieces.

Inventory:

Hand Weapons
 a - a +0 long sword
 i - a +0 long sword
 j - a +0 short sword of flaming (weapon)
Missiles
 g - 11 poisoned darts (quivered)
Armour
 b - a +0 buckler (worn)
Jewellery
 l - a +6 ring of strength (left tentacle)
Scrolls
 e - a scroll of teleportation
 h - a scroll of fear
 m - a scroll of torment {unknown}
Potions
 c - a potion of might
 d - a potion of ambrosia
 f - a potion of curing {unknown}
 k - a potion of brilliance {unknown}


   Skills:
 + Level 3.3 Fighting
 + Level 0.1(1.6) Short Blades
 + Level 2.8 Long Blades
 + Level 3.3 Dodging
 + Level 2.1 Stealth
 + Level 3.2 Shields


You had 3 spell levels left.
You didn't know any spells.
Your spell library contained the following spells:

 Spells                   Type           Power      Damage    Failure   Level
 Summon Small Mammal      Summ           0%         N/A       38%         1
 Call Canine Familiar     Summ           0%         N/A       77%         3
 Summon Guardian Golem    Hex/Summ       0%         N/A       77%         3
 Malign Gateway           Summ/Tloc      0%         N/A       100%        7
 Summon Horrible Things   Summ           0%         N/A       100%        8


Dungeon Overview and Level Annotations

Branches:
Dungeon (3/15)

Altars:
Gozag

Annotations:
D:3 3 runed translucent doors, alcopop's ghost, amateur DgFi


Innate Abilities, Weirdness & Mutations

You cannot wear most types of armour.
You are amphibious.
You can wear up to eight rings at the same time.
Your skin changes colour to match your surroundings (Stealth+).
Your rubbery body absorbs attacks. (AC +1, EV +1)
((You are camouflaged when in or above water. (Stealth+)))
You have tentacles for arms and can constrict up to eight enemies at once.


Message History

You barely miss the bat. You grab the bat. You constrict the bat.
You kill the bat!
You see here a +0 club.
You open the door.
Found 6 gold pieces.
You open the door.
An ogre comes into view. It is wielding a +0 giant club.
The ogre shouts!
You see here 6 gold pieces.
You now have 90 gold pieces (gained 6).
Throw: 13 darts (poison)
Press: ? - help, Q - select action Shift-Dir - straight line, f - ogre
Aim: an ogre, wielding a +0 giant club (72% to hit)
You throw a poisoned dart. The poisoned dart hits the ogre.
The ogre is poisoned.
Throw: 12 darts (poison)
Press: ? - help, Q - select action Shift-Dir - straight line, f/p - ogre
Aim: an ogre, wielding a +0 giant club (lightly wounded, poisoned, 72% to hit)
You throw a poisoned dart.
The poisoned dart barely misses the ogre.
You hit the ogre. You burn the ogre. Your squeeze misses the ogre.
The ogre is moderately wounded.
You block the ogre's attack.
You hit the ogre. You burn the ogre.
The ogre is heavily wounded.
The ogre closely misses you.
You hit the ogre. You burn the ogre.
The ogre is severely wounded.
You barely miss the ogre. You squeeze the ogre.
The ogre is severely wounded.
The ogre misses you.
You hit the ogre but do no damage.
The ogre is almost dead.
The ogre hits you with a +0 giant club.
You hit the ogre but do no damage.
The ogre is almost dead.
The ogre looks more healthy.
The ogre hits you with a +0 giant club!!
Ouch! That really hurt!
You die...

##################
..................
###.............### #
..'...............#####.#
###...............(.....##
.......##'#.#...@..#.....#
.......'..)......O........
.......##.#.#'####.#.#.#.
.......##.#........# #
.......##.#.......(#
......>.................
.......####......O####.#
.......# #.......+
######## #.......#


You could see an ogre.

Vanquished Creatures
  An adder (D:3)
  3 worms (D:2)
  2 dart slugs
  3 endoplasms
  5 goblins
  A hobgoblin (D:3)
  3 jackals (D:2)
  4 quokkas
  2 ball pythons (D:1)
  5 bats
  A frilled lizard (D:1)
  2 kobolds
  7 rats
39 creatures vanquished.

Notes
Turn   | Place    | Note
-------+----------+-------------------------------------------
     0 | D:1      | Dorkslayer the Octopode Fighter began the quest for the
                  | Orb.
     0 | D:1      | Reached XP level 1. HP: 16/16 MP: 1/1
   159 | D:1      | Reached XP level 2. HP: 14/21 MP: 2/2
  1024 | D:2      | Reached skill level 1 in Stealth
  1088 | D:2      | Reached XP level 3. HP: 26/26 MP: 3/3
  1651 | D:2      | Found a faded altar of an unknown god.
  1755 | D:3      | Found a runed translucent gate.
  1755 | D:3      | Found a runed translucent gate.
  1755 | D:3      | Found an opulent altar of Gozag.
  1755 | D:3      | Found a runed translucent gate.
  1774 | D:3      | Noticed alcopop's ghost (amateur DgFi)
  1842 | D:3      | Reached XP level 4. HP: 10/31 MP: 4/4
  2146 | D:3      | Noticed an ogre
  2163 | D:3      | Slain by an ogre

Illustrated notes

Levels and vault maps discovered:
D:1:      dpeg_arrival_fog, layout_basic, minivault_23
D:2:      layout_basic, ebering_ecumenical_altar_mist,
          minmay_misc_feat_secret_circle
D:3:      layout_basic, ebering_ghost_gozag, moated_statue

Skill      XL: |  1  2  3 |
---------------+----------+-----
Stealth        | 1 2 |  2.1
Fighting       | |  3.3
Short Blades   | |  0.1
Long Blades    | |  2.8
Dodging        | |  3.3
Shields        | |  3.2

Action                   |  1- 3 |  4- 6 || total
-------------------------+-------+-------++-------
Melee: Long sword        |    43 |       ||    43
       Constrict         |    14 |     3 ||    17
       Tentacles         |     9 |     2 ||    11
       Short sword       |    16 |    11 ||    27
Throw: Dart              |       |     2 ||     2
  Use: Scroll            |     4 |       ||     4
 Stab: Sleeping          |     9 |       ||     9
Armor: Skin              |     5 |     1 ||     6
Dodge: Dodged            |    33 |     5 ||    38
Block: Buckler           |     4 |     1 ||     5

Table legend: (Time is in decaauts)
 A = Elapsed time spent in this place.
 B = Non-inter-level travel time spent in this place.
 C = Inter-level travel time spent in this place.
 D = Time resting spent in this place.
 E = Time spent auto-exploring this place.
 F = Levels seen in this place.
 G = Mean time per level.
                   A        B        C        D        E       F      G
               +--------+--------+--------+--------+--------+-----+--------+
         Total |   2175 |   2175 |      0 |    346 |   1077 |   3 |  725.0 |
       Dungeon |   2175 |   2175 |      0 |    346 |   1077 |   3 |  725.0 |
               +--------+--------+--------+--------+--------+-----+--------+

Top non-repeatable levels by time:
     D:1: 1020 daAuts
     D:2: 686 daAuts
     D:3: 468 daAuts
